 Dungeon Crawl Stone Soup version 0.32-a0-391-gce5c0aab1b (webtiles) character file.

Game seed: 18221419061993548161

165 Sobieck the Shooter (level 5, -6/38 HPs)
             Began as a Coglin Hunter on Feb 19, 2024.
             Mangled by an iguana (8 damage)
             ... on level 4 of the Dungeon.
             The game lasted 00:02:55 (1609 turns).

Sobieck the Shooter (Coglin Hunter)                 Turns: 1609, Time: 00:02:56

Health: -6/38      AC:  7    Str: 11    XL:     5   Next: 46%
Magic:  5/5        EV: 12    Int:  8    God:
Gold:   18         SH:  0    Dex: 20    Spells: 4/4 levels left

rFire   . . .        a - +0 shortbow {Zorawar}
rCold   . . .        (shield currently unavailable)
rNeg    . . .        c - +0 leather armour
rPois   .            (no helmet)
rElec   .            (no cloak)
rCorr   .            (no gloves)
SInv    .            (no boots)
Will    .....        (no amulet)
Stlth   ++           e - +4 ring of protection
HPRegen 0.26/turn    (no ring)
MPRegen 0.09/turn

%: no passive effects
@: revved, stiff-legged, very slow
A: off-hand wielding, slow wielding, warmup strikes, warmup strides
a: no special abilities


You were on level 4 of the Dungeon.
You visited 1 branch of the dungeon, and saw 4 of its levels.

You collected 68 gold pieces.
You spent 50 gold pieces at shops.

Inventory:

Hand Weapons
 a - a +0 shortbow (weapon) {Zorawar}
 d - a +0 sling
Armour
 c - a +0 leather armour (worn)
 f - a +0 pair of gloves
Jewellery
 e - a +4 ring of protection (left grasper)
Scrolls
 b - 2 scrolls of butterflies
 g - a scroll of noise {unknown}
 i - a scroll of fear {unknown}
 j - a scroll of vulnerability {unknown}
 k - a scroll of enchant armour {unknown}
 n - a scroll of amnesia {unknown}
 T - 3 scrolls of teleportation
Potions
 h - a potion of brilliance {unknown}
 l - a potion of haste {unknown}


   Skills:
 - Level 2.0 Fighting
 + Level 6.0 Ranged Weapons
 - Level 1.7 Dodging
 - Level 0.7 Stealth


You had 4 spell levels left.
You didn't know any spells.
Your spell library contained the following spells:

 Spells                   Type           Power      Damage    Failure   Level
 Lesser Beckoning         Tloc           0%         N/A       65%         2
 Gell's Gravitas          Tloc           0%         N/A       86%         3
 Teleport Other           Tloc           0%         N/A       86%         3


Dungeon Overview and Level Annotations

Branches:
Dungeon (3/15)

Altars:
Makhleb

Shops:
D:2 ?

Annotations:
D:2 Sigmund


Innate Abilities, Weirdness & Mutations

You can wield a second weapon in your off-hand.
It takes a long time for you to wield or remove held weapons.
Your first few attacks do less damage.
Your first movements take longer.


Message History

* * * LOW HITPOINT WARNING * * *
You are too injured to fight recklessly!
You are too injured to fight recklessly!
You are too injured to fight recklessly!
You shoot an arrow. The arrow hits the iguana.
The iguana is almost dead.
The iguana bites you!
* * * LOW HITPOINT WARNING * * *
Unknown command.
You shoot an arrow. The arrow closely misses the iguana.
The arrow barely misses the quokka.
The iguana barely misses you.
Unknown command.
You shoot an arrow.
The arrow hits the iguana but does no damage.
The iguana is almost dead.
The iguana bites you but does no damage.
You shoot an arrow.
The arrow hits the iguana but does no damage.
The iguana is almost dead.
The iguana bites you but does no damage.
The iguana bites you.
* * * LOW HITPOINT WARNING * * *
You shoot an arrow.
The arrow hits the iguana but does no damage.
The iguana is almost dead.
The iguana bites you but does no damage.
You shoot an arrow. The arrow completely misses the iguana.
The arrow hits the quokka.
You kill the quokka!
The iguana bites you!
* * * LOW HITPOINT WARNING * * *
You shoot an arrow.
The arrow hits the iguana but does no damage.
The iguana is almost dead.
The iguana bites you.
* * * LOW HITPOINT WARNING * * *
Unknown command.
You shoot an arrow.
The arrow hits the iguana but does no damage.
The iguana is almost dead.
The iguana misses you.
You shoot an arrow. The arrow closely misses the iguana.
The iguana closely misses you.
You aren't carrying any items that you can evoke.
Unknown command.
You shoot an arrow.
The arrow hits the iguana but does no damage.
The iguana is almost dead.
The iguana barely misses you. The iguana bites you!
You die...

.....)........#
....).........# ## ##
...........)..# .. ..
.#............# .##.
........####### ...
##...##.# ..#
##†###.######## ..####.
#.#.)........###.......
#.#.#.####....@l..#
#.#.#.# #...###### ...
..# ##### ..##### #.# #


You could see an iguana.

Vanquished Creatures
  An iguana (D:4)
  Natasha (D:3)
  2 adders (D:2)
  9 ball pythons
  8 bats
  4 endoplasms
  A giant cockroach (D:1)
  4 goblins
  3 hobgoblins
  7 jackals
  4 quokkas
  2 frilled lizards (D:2)
  4 kobolds
  4 rats (D:1)
54 creatures vanquished.

Notes
Turn   | Place    | Note
-------+----------+-------------------------------------------
     0 | D:1      | Sobieck the Coglin Hunter began the quest for the Orb.
     0 | D:1      | Reached XP level 1. HP: 16/16 MP: 1/1
    70 | D:1      | Reached skill level 4 in Ranged Weapons
    70 | D:1      | Reached XP level 2. HP: 22/22 MP: 2/2
   111 | D:1      | Reached XP level 3. HP: 25/27 MP: 3/3
   747 | D:1      | Found a burning altar of Makhleb.
   880 | D:2      | Reached skill level 5 in Ranged Weapons
   880 | D:2      | Reached XP level 4. HP: 33/33 MP: 4/4
  1027 | D:2      | Noticed Sigmund
  1323 | D:2      | Found Xeimida's Magic Scroll Emporium.
  1326 | D:2      | Bought a scroll of identify for 20 gold pieces
  1326 | D:2      | Bought a scroll of teleportation for 30 gold pieces
  1480 | D:3      | Noticed Natasha
  1487 | D:3      | Killed Natasha
  1488 | D:3      | Reached XP level 5. HP: 28/38 MP: 5/5
  1533 | D:3      | You fall into a shaft and drop 1 floor!
  1559 | D:4      | Reached skill level 6 in Ranged Weapons
  1606 | D:4      | HP: 1/38 [iguana (3)]
  1609 | D:4      | Mangled by an iguana

Illustrated notes

Levels and vault maps discovered:
D:1:      dpeg_arrival_lava_altar, layout_loops_ring, minmay_tetromino_i2
D:2:      layout_basic, serial_shops, nicolae_shop_rolled_up, uniq_sigmund
D:3:      layout_rooms, serial_corexii_hall, chequers_hall_statues_corner_a,
          corexii_hall_statues_x, corexii_hall_statues_l, item_on_display_a,
          uniq_natasha
D:4:      layout_loops_cross

Skill      XL: |  1  2  3  4  5 |
---------------+----------------+-----
Ranged Weapons | 4 5 6 |  6.0
Fighting       | |  2.0
Dodging        | |  1.7
Stealth        | |  0.7

Action                     |  1- 3 |  4- 6 || total
---------------------------+-------+-------++-------
   Fire: Shortbow          |    75 |    75 ||   150
    Use: Scroll            |       |     1 ||     1
 Armour: Leather armour    |    17 |    19 ||    36
  Dodge: Dodged            |    25 |    26 ||    51

Table legend: (Time is in decaauts)
 A = Elapsed time spent in this place.
 B = Non-inter-level travel time spent in this place.
 C = Inter-level travel time spent in this place.
 D = Time resting spent in this place.
 E = Time spent auto-exploring this place.
 F = Levels seen in this place.
 G = Mean time per level.
                   A        B        C        D        E       F      G
               +--------+--------+--------+--------+--------+-----+--------+
         Total |   1697 |   1531 |    166 |    117 |   1130 |   4 |  424.2 |
       Dungeon |   1697 |   1531 |    166 |    117 |   1130 |   4 |  424.2 |
               +--------+--------+--------+--------+--------+-----+--------+

Top non-repeatable levels by time:
     D:1: 889 daAuts
     D:2: 670 daAuts
     D:4: 81 daAuts
     D:3: 55 daAuts
